 Dungeon Crawl Stone Soup version 0.19.0 (webtiles) character file.

4 Dustbunny the Sneak (level 1, 0/9 HPs)
             Began as a Spriggan Earth Elementalist on Nov 1, 2016.
             Slain by a kobold
             ... wielding a cursed -1 short sword
              (3 damage)
             ... on level 1 of the Dungeon.
             The game lasted 00:00:16 (308 turns).

Dustbunny the Sneak (Spriggan Earth Elementalist)    Turns: 308, Time: 00:00:17

Health: 0/9        AC:  2    Str:  4    XL:     1   Next: 58%
Magic:  5/5        EV: 24    Int: 16    God:
Gold:   0          SH:  0    Dex: 16    Spells: 1 memorised, 4 levels left

rFire  . . .     SeeInvis +     (weapon restricted)
rCold  . . .     Gourm    .     c - +0 robe
rNeg   . . .     Faith    .     (shield restricted)
rPois  .         Spirit   .     (helmet restricted)
rElec  .         Reflect  .     (no cloak)
rCorr  .         Harm     .     (gloves unavailable)
MR     .....                    (boots unavailable)
Stlth  ++........               (no amulet)
                                (no ring)
                                a - +6 ring of evasion

@: very quick
A: unfitting armour, see invisible, herbivore 3, speed 3, slow metabolism 2
a: no special abilities


You were on level 1 of the Dungeon.
You were not hungry.

You visited 1 branch of the dungeon, and saw 1 of its levels.

Inventory:

Missiles
 b - 20 stones (quivered)
Armour
 c - a +0 robe (worn)
Jewellery
 a - a +6 ring of evasion (left hand)
Books
 e - a book of Geomancy

   Spells                             Type                      Level
   a - Sandblast                      Earth                        1
   b - Passwall                       Transmutation/Earth          2
   c - Stone Arrow                    Conjuration/Earth            3
   d - Petrify                        Transmutation/Earth          4
   e - Lee's Rapid Deconstruction     Earth                        5
Comestibles
 d - a bread ration


   Skills:
 + Level 3.0 Dodging
 + Level 3.0 Stealth
 + Level 2.7 Spellcasting
   Level 1.3 Transmutations
 + Level 3.0 Earth Magic


You had 4 spell levels left.
You knew the following spells:

 Your Spells              Type           Power        Failure   Level  Hunger
a - Sandblast             Erth           ##....       8%          1    #......


Dungeon Overview and Level Annotations

Branches:
Dungeon (1/15)

Altars:


Innate Abilities, Weirdness & Mutations

You are very small and have problems with some larger weapons.
You are too small for most types of armour.
You have supernaturally acute eyesight. (SInv)
You are a herbivore.
You cover ground extremely quickly.
You need consume almost no food.


Message History

A kobold comes into view. It is wielding a short sword.
The kobold shouts!
You closely miss the kobold. The kobold misses you.
You hit the kobold but do no damage. The kobold closely misses you.
You closely miss the kobold. The kobold completely misses you.
You closely miss the kobold. The kobold barely misses you.
You hit the kobold but do no damage. The kobold hits you with a short sword.
You closely miss the kobold. The kobold completely misses you.
You closely miss the kobold. The kobold hits you with a short sword.
You barely miss the kobold. The kobold barely misses you.
You miss the kobold. The kobold completely misses you.
You hit the kobold but do no damage. The kobold closely misses you.
You hit the kobold but do no damage. The kobold misses you.
You closely miss the kobold. The kobold hits you with a short sword.
You barely miss the kobold. The kobold misses you.
You hit the kobold but do no damage. The kobold barely misses you.
You hit the kobold but do no damage. The kobold misses you.
You closely miss the kobold. The kobold barely misses you.
You barely miss the kobold. The kobold hits you with a short sword.
You die...

##..## #<...# #....#
##..## ##'#
.......##+#
#..#.P...P..#..# ♣
#..#........#..# ..
#..#...P.P.8#K.# ....
#..#..P.....#@.#.....
#..#.P.P.P..#..#.....
#..#..P..............
#'##.................
##..#######...........
#....#................
#....'..........♣♣♣♣##
##..#######...♣♣♣ ####
♣♣♣♣♣


You could see a kobold.

Vanquished Creatures
  An ooze (D:1)
1 creature vanquished.

Notes
Turn   | Place    | Note
-------+----------+-------------------------------------------
     0 | D:1      | Dustbunny the Spriggan Earth Elementalist began the quest for the Orb.
     0 | D:1      | Reached XP level 1. HP: 9/9 MP: 5/5
   308 | D:1      | Slain by a kobold

Skill      XL: |  1 |
---------------+----+-----
Earth Magic    | 3 |  3.0
Dodging        | |  3.0
Stealth        | |  3.0
Spellcasting   | |  2.7
Transmutations | |  1.3

Action                   || total
-------------------------++-------
Melee: Unarmed           ||    36
 Stab: Sleeping          ||     1
Dodge: Dodged            ||    29
